 Dungeon Crawl Stone Soup version 0.27-a0-836-gfc908b8576 (webtiles) character file.

Game seed: 15299896730325807646

11 rageheart7 the Sneak (level 2, 0/25 HPs)
             Began as a Merfolk Delver on Mar 31, 2021.
             Was an Initiate of Dithmenos.
             Slain by an orc wizard
             ... wielding a +0 dagger
              (3 damage)
             ... on level 5 of the Dungeon.
             The game lasted 00:02:08 (631 turns).

rageheart7 the Sneak (Merfolk Delver)                Turns: 631, Time: 00:02:08

Health: 0/25       AC:  3    Str: 12    XL:     2   Next: 25%
Magic:  2/2        EV: 12    Int:  9    God:    Dithmenos [......]
Gold:   14         SH:  0    Dex: 15    Spells: 1/1 levels left

rFire    . . .     SeeInvis .   a - +0 spear
rCold    . . .     Faith    .   (no shield)
rNeg     . . .     Spirit   .   b - +0 leather armour
rPois    .         Reflect  .   (no helmet)
rElec    .         Harm     .   (no cloak)
rCorr    .         Rampage  .   (no gloves)
Will     +....                  (no boots)
Stlth    +.........             (no amulet)
HPRegen  0.08/turn              i - ring of willpower
MPRegen  0.08/turn              (no ring)

@: confused, hasted, very quick
A: (nimble swimmer 2), mertail
a: Renounce Religion


You were on level 5 of the Dungeon.
You worshipped Dithmenos.
Dithmenos was noncommittal.
You visited 2 branches of the dungeon, and saw 3 of its levels.

You collected 14 gold pieces.

Inventory:

Hand Weapons
 a - a +0 spear (weapon)
Armour
 b - a +0 leather armour (worn)
Jewellery
 i - a ring of willpower (left hand)
Wands
 g - a wand of digging (3)
 h - a wand of polymorph (2)
Scrolls
 c - a scroll of fog
 d - a scroll of magic mapping
 e - a scroll of fear
 j - a scroll of noise {unknown}


   Skills:
 + Level 3.7 Fighting
 + Level 3.6 Polearms
 - Level 2.6 Dodging
 - Level 5.4 Stealth


You had one spell level left.
You didn't know any spells.
Your spell library was empty.

Dungeon Overview and Level Annotations

Branches:
Dungeon (5/15)             Temple (1/1) D:5

Altars:
Cheibriados
Dithmenos
Elyvilon
Fedhas
Gozag
Kikubaaqudgha
Makhleb
Qazlal
Ru
Sif Muna
Trog
Uskayaw
Vehumet
Wu Jian
Xom
Yredelemnul
Zin


Innate Abilities, Weirdness & Mutations

((You are quick and stealthy near water. (Stealth+, EV+, Speed+++)))
Your lower body shifts to a powerful aquatic tail in water.


Message History

The orc is severely wounded.
Unknown command.
Reach: a) +0 spear
Press: ? - help, Dir - move target, f/p - orc wizard
Aim: an orc wizard, wielding a +0 dagger and wearing a +0 robe (about 44% to evade your +0 spear)
The orc is in the way.
The orc shouts!
You hit the orc.
You kill the orc!
Dithmenos accepts your kill.
Reach: a) +0 spear
Press: ? - help, Dir - move target, f/p - orc wizard
Aim: an orc wizard, wielding a +0 dagger and wearing a +0 robe (about 44% to evade your +0 spear)
You barely miss the orc wizard.
Unknown command.
You closely miss the orc wizard.
The orc wizard hits you but does no damage.
You miss the orc wizard. The orc wizard closely misses you.
Your leather armour prevents you from hitting the orc wizard.
You barely miss the orc wizard.
The orc wizard hits you but does no damage.
You closely miss the orc wizard. You closely miss the orc wizard.
The orc wizard points at you and mumbles some strange words.
You are confused.
You're too confused to attack without stumbling around!
You're too confused to attack without stumbling around!
You're too confused to attack without stumbling around!
You closely miss the orc wizard.
You hit the orc wizard but do no damage.
The orc wizard hits you with a +0 dagger.
* * * LOW HITPOINT WARNING * * *
You bump into the stone wall.
The orc wizard points at you and mumbles some strange words.
The magic dart hits you.
* * * LOW HITPOINT WARNING * * *
You hit the orc wizard but do no damage.
You closely miss the orc wizard.
The orc wizard hits you with a +0 dagger.
You die...

............#############......†.
................ ######.........
.........####### .............).
.........# #.............
.........# #........##...
.........# ###.....#.#..#.#
#.#.###### #.......#.#....#
....### ####o#.....#..#....
##....#########$@oo#.....o.....>.
###.#...........#######.o...##...
....#####..$.... ......o.#..#..
##### ..##### #......$...#.# 8#
..# ...###.##..#.o. .. ..# #.##
#.##...... .. ..# # #..#.##.o. ..
g## ##.#.###.. .. .. .. ..


You could see an orc wizard and 2 orcs.

Vanquished Creatures
  An adder zombie (D:5)
  2 orcs (D:5)
  2 quokkas (D:5)
5 creatures vanquished.

Notes
Turn   | Place    | Note
-------+----------+-------------------------------------------
     0 | D:5      | rageheart7 the Merfolk Delver began the quest for the Orb.
     0 | D:5      | Reached XP level 1. HP: 18/18 MP: 1/1
    40 | D:5      | Found a hide-covered altar of Uskayaw.
   249 | D:5      | Found a blossoming altar of Fedhas.
   288 | D:4      | Noticed a water moccasin
   296 | D:5      | Noticed a phantom
   356 | D:5      | Reached XP level 2. HP: 17/24 MP: 2/2
   437 | D:5      | Found a staircase to the Ecumenical Temple.
   446 | Temple   | Entered the Ecumenical Temple
   562 | Temple   | Became a worshipper of Dithmenos the Shadowed
   631 | D:5      | Slain by an orc wizard

Illustrated notes

Levels and vault maps discovered:
D:4:      layout_rooms, minmay_misc_feat_alley, due_unseen_surprise, uniq_edmund
D:5:      layout_rooms, nicolae_uskayaw_suspiria, kennysheep_mini,
          marbit_many_paths, nicolae_overflow_hidden_temple,
          minmay_temple_entry_mini_moons
Temple:   regret_index_temple_waves

Action                   || total
-------------------------++-------
Melee: Spear             ||    46
  Use: Potion            ||     1
Armor: Leather armour    ||     5
Dodge: Dodged            ||    19

Table legend: (Time is in decaauts)
 A = Elapsed time spent in this place.
 B = Non-inter-level travel time spent in this place.
 C = Inter-level travel time spent in this place.
 D = Time resting spent in this place.
 E = Time spent auto-exploring this place.
 F = Levels seen in this place.
 G = Mean time per level.
                   A        B        C        D        E       F      G
               +--------+--------+--------+--------+--------+-----+--------+
         Total |    614 |    561 |     53 |      0 |    374 |   3 |  204.7 |
       Dungeon |    485 |    463 |     22 |      0 |    280 |   2 |  242.5 |
        Temple |    128 |     97 |     31 |      0 |     94 |   1 |  128.0 |
               +--------+--------+--------+--------+--------+-----+--------+

Top non-repeatable levels by time:
     D:5: 484 daAuts
  Temple: 128 daAuts
     D:4: 1 daAuts
